 Dungeon Sprint DCSS version 0.22-a0-412-g2b68d144a4 (webtiles) character file.

125 Denreik the Fighter (level 5, 0/43 HPs)
             Began as a Gargoyle Berserker on May 12, 2018.
             Was a Priest of Trog.
             Slain by a worker ant (5 damage)
             ... in the Dungeon (Sprint IX: "|||||||||||||||||||||||||||||").
             The game lasted 00:01:02 (132 turns).

Denreik the Fighter (Gargoyle Berserker)             Turns: 132, Time: 00:01:03

Health: 0/43       AC:  6    Str: 21    XL:     5   Next: 9%
Magic:  5/5        EV: 12    Int:  8    God:    Trog [***...]
Gold:   0          SH:  0    Dex:  9    Spells: 4/4 levels left

rFire    . . .     SeeInvis .   a - +0 mace
rCold    . . .     Gourm    .   (no shield)
rNeg     + . .     Faith    .   b - +0 animal skin
rPois    ∞         Spirit   .   (no helmet)
rElec    +         Reflect  .   (no cloak)
rCorr    .         Harm     .   (no gloves)
MR       .....     NoTele   +   (no boots)
Stlth    +.........             (no amulet)
HPRegen  0.14/turn              (no ring)
MPRegen  0.09/turn              (no ring)

@: no status effects
A: negative energy resistance 1, electricity resistance, unbreathing,
petrification resistance, rot immunity, AC +4
a: Berserk, Trog's Hand, Renounce Religion


You were in the Dungeon.
You worshipped Trog.
Trog was most pleased with you.
You were not hungry.

You visited 1 branch

Inventory:

Hand Weapons
 a - a +0 mace (weapon)
Missiles
 k - 8 stones (quivered)
Armour
 b - a +0 animal skin (worn)
Scrolls
 i - a scroll of blinking
Potions
 d - a potion of curing
 f - a potion of haste
 g - 2 potions of magic
 h - a potion of berserk rage
Comestibles
 c - a ration
 j - a chunk of flesh


   Skills:
 * Level 10.9 Fighting
 - Level 3.0 Maces & Flails
 - Level 2.1 Armour
 - Level 1.5 Dodging


You had 4 spell levels left.
You didn't know any spells.
Your spell library was empty.

Dungeon Overview and Level Annotations

Branches:
Dungeon (1/1)

Altars:


Innate Abilities, Weirdness & Mutations

You are resistant to torment.
Your stone body is resilient. (AC +4)
You are immune to poison.
You resist negative energy. (rN+)
You are resistant to electric shocks. (rElec)
You can survive without breathing.
You are immune to petrification.
You are immune to rotting.


Message History

The worker ant is heavily wounded.
The worker ant closely misses you. The worker ant bites you.
* * * LOW HITPOINT WARNING * * *
You hit the worker ant.
The worker ant is severely wounded.
The worker ant bites you but does no damage.
You closely miss the worker ant.
The worker ant is severely wounded.
The worker ant misses you.
The worker ant bites you but does no damage.
You barely miss the worker ant.
The worker ant is severely wounded.
The worker ant barely misses you.
You hit the worker ant but do no damage.
The worker ant is severely wounded.
The worker ant bites you but does no damage.
You hit the worker ant but do no damage.
The worker ant is severely wounded.
The worker ant bites you.
You die... ▓▓▓▓▓▓▓▓▓▓▓▓▓▓▓▓▓▓ ▓<...))....@aw...+ ▓▓▓▓▓▓▓▓▓▓▓▓▓▓▓▓▓▓

You could see a worker ant and a dart slug.

Vanquished Creatures
  A centaur (D)
  A howler monkey (D)
  2 goblins (D)
  2 kobolds (D)
  A frilled lizard (D)
  A rat (D)
8 creatures vanquished.

Notes
Turn   | Place    | Note
-------+----------+-------------------------------------------
     0 | D        | Denreik the Gargoyle Berserker began the quest for the Orb.
     0 | D        | Reached XP level 1. HP: 14/14 MP: 1/1
     6 | D        | Reached skill level 4 in Fighting
    13 | D        | Reached ** piety under Trog
    17 | D        | Reached skill level 5 in Fighting
    86 | D        | Noticed a howler monkey
    86 | D        | Noticed a centaur
    86 | D        | Noticed a worker ant
    88 | D        | Reached *** piety under Trog
    88 | D        | Reached XP level 2. HP: 21/21 MP: 2/2
    96 | D        | Killed a howler monkey
    96 | D        | Reached skill level 8 in Fighting
    96 | D        | Reached XP level 3. HP: 13/29 MP: 3/3
   118 | D        | Killed a centaur
   118 | D        | Reached skill level 10 in Fighting
   118 | D        | Reached XP level 4. HP: 13/39 MP: 4/4
   118 | D        | Reached XP level 5. HP: 15/43 MP: 5/5
   132 | D        | Slain by a worker ant

Vault maps used:
D:        linesprint

Skill      XL: |  1  2  3 |
---------------+----------+-----
Fighting       | 5 8 10 | 10.9
Maces & Flails | |  3.0
Armour         | |  2.1
Dodging        | |  1.5

Action                   |  1- 3 |  4- 6 || total
-------------------------+-------+-------++-------
Melee: Mace              |    46 |    14 ||    60
  Use: Potion            |     1 |       ||     1
Armor: Animal skin       |     9 |     6 ||    15
Dodge: Dodged            |    39 |    10 ||    49

Table legend:
 A = Spawn XP
 B = Non-spawn XP
 C = Spawn XP percentage of total XP
 D = Spawn monster count
 E = Non-spawn monster count
 F = Spawn count percentage of total count
 G = Total turns spent on level
                    A         B        C        D         E        F      G
               +---------+---------+-------+---------+---------+-------+---------
         Total |       0 |     179 |   0.0 |       0 |       8 |   0.0 |   132
               +---------+---------+-------+---------+---------+-------+---------
             D |       0 |     179 |   0.0 |       0 |       8 |   0.0 |   132
               +---------+---------+-------+---------+---------+-------+---------
